 Dungeon Crawl Stone Soup version 0.21-a0-525-ga34b322 (webtiles) character file.

28 robertstho the Gusty (level 2, 0/24 HPs)
             Began as a Deep Elf Air Elementalist on Dec 8, 2017.
             Succumbed to an adder's poison
             ... on level 2 of the Dungeon.
             The game lasted 00:02:11 (335 turns).

robertstho the Gusty (Deep Elf Air Elementalist)     Turns: 335, Time: 00:02:11

Health: 0/24       AC: 21    Str:  5    XL:     2   Next: 96%
Magic:  0/8        EV:  2    Int: 19    God:
Gold:   15         SH:  0    Dex: 15    Spells: 6/7 levels left

rFire    . . .     SeeInvis .   f - +0 short sword
rCold    . . .     Gourm    .   (no shield)
rNeg     + + +     Faith    .   (armour currently unavailable)
rPois    +         Spirit   .   (helmet currently unavailable)
rElec    .         Reflect  .   (cloak currently unavailable)
rCorr    .         Harm     .   (gloves currently unavailable)
MR       .....     NoTele   +   (boots currently unavailable)
Stlth    ++........             (no amulet)
HPRegen  0.08/turn              (no ring)
MPRegen  0.11/turn              (no ring)

@: lethally poisoned (0 -> -2), tree-form
A: no striking features
a: no special abilities


You were on level 2 of the Dungeon.
You were not hungry.
You were a tree.
You visited 1 branch of the dungeon, and saw 2 of its levels.

You collected 15 gold pieces.

Inventory:

Hand Weapons
 d - a +0 club
 f - a +0 short sword (weapon)
Armour
 a - a +0 robe (melded)
Scrolls
 e - a scroll of enchant armour {unknown}
Books
 b - a book of Air

   Spells                             Type                      Level
   a - Shock                          Conjuration/Air              1
   b - Swiftness                      Charms/Air                   2
   c - Static Discharge               Conjuration/Air              3
   d - Airstrike                      Air                          4
   e - Lightning Bolt                 Conjuration/Air              5
Comestibles
 c - a bread ration
 h - a meat ration
 i - a royal jelly


   Skills:
 * Level 0.3 Fighting
 + Level 2.5 Dodging
 - Level 2.4 Stealth
 + Level 3.4 Spellcasting
 + Level 1.3 Conjurations
 * Level 3.7 Air Magic


You had 6 spell levels left.
You knew the following spells:

 Your Spells              Type           Power        Failure   Level  Hunger
a - Shock                 Conj/Air       ##..         5%          1    None


Dungeon Overview and Level Annotations

Branches:
Dungeon (2/15)

Altars:


Message History

Press: ? - help, Shift-Dir - straight line The zap hits the jackal.
The jackal is almost dead.
The zap misses the jackal.
The jackal bites you but does no damage. x3
You hit the jackal but do no damage.
The jackal is almost dead.
The jackal bites you but does no damage. x3
You hit the jackal.
You kill the jackal!
* * * LOW HITPOINT WARNING * * *
You feel sick.
The jackal bites you but does no damage. x2
Casting: Shock
Confirm with . or Enter, or press ? or * to list all spells.
Aiming: Shock
Press: ? - help, Shift-Dir - straight line The zap hits the jackal.
You kill the jackal!
You die...

... ... ... #.#
#.#
###.###.#######
....†......>...
#.###♣#####
#.........#
#####...#.#
###.#.# #.####
#.#.. .....#
#[#### #.##.#
#.#
.##.##.#######.#
##
...............#


There were no monsters in sight!

Vanquished Creatures
  An adder (D:2)
  A ball python (D:1)
  A giant cockroach (D:2)
  A goblin (D:1)
  A hobgoblin (D:1)
  3 jackals (D:2)
  3 bats
  A frilled lizard (D:1)
  3 kobolds (D:1)
  3 rats (D:1)
18 creatures vanquished.

Notes
Turn   | Place    | Note
-------+----------+-------------------------------------------
     0 | D:1      | robertstho the Deep Elf Air Elementalist began the quest for the Orb.
     0 | D:1      | Reached XP level 1. HP: 10/10 MP: 6/6
   174 | D:1      | Reached XP level 2. HP: 15/15 MP: 0/8
   331 | D:2      | HP: 1/22 [poisoned by an adder]
   335 | D:2      | Succumbed to an adder's poison

Vault maps used:
D:1:      roderic_dead_forest, minmay_misc_feat_roman,
          minmay_misc_feat_nine_boxes, minmay_circled_x
D:2:      first_bread, uniq_robin

Action                   || total
-------------------------++-------
Melee: Short sword       ||    10
       Club              ||     1
 Cast: Shock             ||    34
  Use: Potion            ||     1
Armor: Skin              ||    28
       Robe              ||     2
Dodge: Dodged            ||    17

Table legend:
 A = Spawn XP
 B = Non-spawn XP
 C = Spawn XP percentage of total XP
 D = Spawn monster count
 E = Non-spawn monster count
 F = Spawn count percentage of total count
 G = Total turns spent on level
                    A         B        C        D         E        F      G
               +---------+---------+-------+---------+---------+-------+---------
         Total |       0 |      40 |   0.0 |       0 |      18 |   0.0 |   335
               +---------+---------+-------+---------+---------+-------+---------
           D:1 |       0 |      16 |   0.0 |       0 |      12 |   0.0 |   272
           D:2 |       0 |      24 |   0.0 |       0 |       6 |   0.0 |    63
               +---------+---------+-------+---------+---------+-------+---------
